 Dungeon Crawl Stone Soup version 0.23.2-1-ga50397a (webtiles) character file.

Game seed: 2444253469010466875

2505 Aske the Cutter (level 9, -1/74 (75) HPs)
             Began as a Ghoul Gladiator on Apr 25, 2019.
             Was a Follower of Ashenzari.
             Slain by Harold
             ... wielding a +0 scimitar
              (13 damage)
             ... on level 8 of the Dungeon.
             The game lasted 00:13:22 (7801 turns).

Aske the Cutter (Ghoul Gladiator)                   Turns: 7801, Time: 00:13:23

HP:   -1/74 (75)    AC:  9    Str: 20    XL:     9   Next: 53%
MP:   0/8           EV: 13    Int:  6    God:    Ashenzari [*.....]
Gold: 384           SH:  0    Dex: 10    Spells: 8/8 levels left

rFire    . . .     SeeInvis .   a - +1 rapier (curse)
rCold    + + .     Gourm    .   (no shield)
rNeg     + + +     Faith    .   h - +0 ring mail of Refuge {Str+2}
rPois    ∞         Spirit   +   c - +1 helmet
rElec    .         Reflect  .   p - +0 cloak
rCorr    .         Harm     .   (no gloves)
MR       .....                  (no boots)
Stlth    ..........             A - amulet of guardian spirit (curse)
HPRegen  0.00/turn              y - ring of protection from cold
MPRegen  0.11/turn              (no ring)

@: marked, rotting, hasted, very quick
A: rotting body, claws 1, carnivore, cold resistance 1, negative energy
resistance 3, inhibited regeneration, torment resistance, unbreathing
a: Curse Item, Scrying, Renounce Religion


You were on level 8 of the Dungeon.
You worshipped Ashenzari.
Ashenzari was aware of your devotion.
You were not hungry.

You visited 2 branches of the dungeon, and saw 9 of its levels.

You collected 384 gold pieces.

Inventory:

Hand Weapons
 a - a cursed +1 rapier (weapon)
 n - a +2 dagger of venom
Armour
 c - a +1 helmet (worn)
 h - the +0 ring mail of Refuge (worn) {Str+2}
   (You found it on level 6 of the Dungeon)

   It affects your strength (+2).
 p - a +0 cloak (worn)
Jewellery
 d - an uncursed ring of flight
 y - a ring of protection from cold (left claw)
 A - a cursed amulet of guardian spirit (around neck)
Wands
 l - a wand of flame (12)
 r - a wand of iceblast (8)
 w - a wand of paralysis (5)
Scrolls
 b - 5 scrolls of teleportation
 e - 6 scrolls of remove curse
 g - a scroll of noise {unknown}
 i - 2 scrolls of magic mapping {unknown}
 k - 2 scrolls of fog {unknown}
 m - 2 scrolls of immolation
 x - a scroll of amnesia
Potions
 j - 2 potions of curing
 q - a potion of brilliance
 s - a potion of lignification
 v - a potion of agility
Comestibles
 f - 12 rations


   Skills:
 + Level 5.6 Fighting
 * Level 6.7 Short Blades
 - Level 1.7 Throwing
 * Level 6.0 Armour
 * Level 6.7 Dodging


You had 8 spell levels left.
You didn't know any spells.
Your spell library was empty.

Dungeon Overview and Level Annotations

Branches:
Dungeon (8/15)             Temple (1/1) D:5
   Lair: D:8-11

Altars:
Ashenzari
Cheibriados
Dithmenos
Elyvilon
Fedhas
Gozag
Hepliaklqana
Kikubaaqudgha
Makhleb
Okawaru
Qazlal
Ru
Sif Muna
Trog
Uskayaw
Wu Jian
Xom
Yredelemnul
The Shining One

Annotations:
D:5 1 runed translucent door, totalnoob's ghost, novice GnEE
D:8 Harold


Innate Abilities, Weirdness & Mutations

Your body is rotting away.
You thrive on raw meat.
You are immune to poison.
You have sharp fingernails.
You are carnivorous and can eat meat at any time.
Your flesh is cold resistant. (rC+)
You are immune to negative energy. (rN+++)
You do not regenerate when monsters are visible.
You are immune to unholy pain and torment.
You can survive without breathing.


Message History

Harold is lightly wounded.
Harold hits you with a +0 scimitar!
You completely miss Harold.
Harold is lightly wounded.
As you read the scroll of identify, it crumbles to dust.
m - 2 scrolls of immolation Harold hits you with a +0 scimitar.
You are too injured to fight recklessly!
You are too injured to fight recklessly!
You are too injured to fight recklessly!
You hit Harold but do no damage.
Harold is lightly wounded.
Harold hits you with a +0 scimitar!
* * * LOW HITPOINT WARNING * * *
You hit Harold.
Harold is moderately wounded.
Harold points at you and mumbles some strange words.
A sentinel's mark forms upon you.
You feel yourself speed up. Harold hits you with a +0 scimitar!
You die...

...... .........##
...... #.........###
...... ###.........#
......# #..........
.......## #..........
........## #..........
.........###
#.....#....
#....@...###.....#....
#....@....##..........
#.....................
#.................##..
#................## ##
#..........#.....#
#..........##.....#
....###....####.)..#
...# ###..# ##...# ###
#.. ....


You could see Harold.

Vanquished Creatures
  Joseph (D:7)
  An orc warrior (D:6)
  A sky beast (D:4)
  A hornet zombie (D:8)
  2 ice beasts
  5 ogres
  A necrophage (D:7)
  2 centaurs (D:6)
  3 big kobolds
  A bullfrog (D:6)
  A scorpion (D:5)
  A howler monkey (D:4)
  2 crimson imps
  A centaur skeleton (D:8)
  A hound (D:6)
  A jelly (D:7)
  Crazy Yiuf (D:2)
  2 orc priests (D:5)
  3 orc wizards
  A bullfrog skeleton (D:5)
  2 worker ants
  2 iguanas
  A hound skeleton (D:8)
  2 worker ant zombies
  7 adders
  A howler monkey skeleton (D:5)
  An ooze (D:4)
  An adder zombie (D:5)
  2 adder skeletons
  2 worms
  3 dart slugs
  3 leopard geckos
  13 orcs
  6 bats
  5 giant cockroaches
  10 hobgoblins
  10 jackals
  17 kobolds
  A quokka (D:6)
  5 frilled lizards
  7 goblins
  A leopard gecko skeleton (D:2)
  A leopard gecko zombie (D:5)
  11 rats
  A spectral orc (D:6)
147 creatures vanquished.

Vanquished Creatures (collateral kills)
  An orc priest (D:6)
  An orc (D:6)
2 creatures vanquished.

Vanquished Creatures (others)
  2 orc wizards
2 creatures vanquished.

Grand Total: 151 creatures vanquished

Notes
Turn   | Place    | Note
-------+----------+-------------------------------------------
     0 | D:1      | Aske the Ghoul Gladiator began the quest for the Orb.
     0 | D:1      | Reached XP level 1. HP: 17/17 MP: 0/0
    40 | D:1      | Reached XP level 2. HP: 20/25 MP: 1/1
   338 | D:1      | You fall through a shaft!
   366 | D:2      | Found a runed translucent door.
   367 | D:2      | Noticed Crazy Yiuf
   392 | D:2      | Noticed an ogre
   412 | D:2      | Reached skill level 1 in Armour
   412 | D:2      | Reached XP level 3. HP: 25/30 MP: 2/2
   416 | D:2      | Killed an ogre
   416 | D:2      | Reached XP level 4. HP: 16/37 MP: 3/3
   618 | D:1      | Reached XP level 5. HP: 43/44 MP: 4/4
  1666 | D:2      | Found a bloodstained altar of Trog.
  1901 | D:2      | Killed Crazy Yiuf
  2002 | D:3      | Reached XP level 6. HP: 51/51 MP: 5/5
  3002 | D:4      | Noticed a sky beast
  3023 | D:4      | Killed a sky beast
  3023 | D:4      | Reached XP level 7. HP: 14/58 MP: 6/6
  3298 | D:5      | Entered Level 5 of the Dungeon
  3460 | D:5      | Noticed totalnoob's ghost (novice GnEE)
  3463 | D:5      | Found a runed translucent door.
  4019 | D:5      | Found a staircase to the Ecumenical Temple.
  4046 | Temple   | Entered the Ecumenical Temple
  4154 | Temple   | Became a worshipper of Ashenzari the Shackled
  4230 | D:5      | HP: 1/58 [orc/+0 mace (8)]
  4315 | D:5      | Reached skill level 5 in Short Blades
  4315 | D:5      | Reached skill level 5 in Dodging
  4315 | D:5      | Reached XP level 8. HP: 44/66 MP: 7/7
  5003 | D:6      | Got the uncursed ring mail of Refuge {Str+2}
  5014 | D:6      | Identified the +0 ring mail of Refuge {Str+2} (You found it
                  | on level 6 of the Dungeon)
  5186 | D:6      | Found a basalt altar of Yredelemnul.
  5254 | D:6      | Found an ornate altar of the Wu Jian Council.
  5484 | D:6      | Found a glowing golden altar of the Shining One.
  5854 | D:7      | Noticed Joseph
  5886 | D:7      | Killed Joseph
  5886 | D:7      | Reached skill level 5 in Fighting
  5886 | D:7      | Reached skill level 5 in Armour
  5886 | D:7      | Reached XP level 9. HP: 32/74 MP: 1/8
  6513 | D:7      | Reached * piety under Ashenzari
  7364 | D:8      | Found a burning altar of Makhleb.
  7782 | D:8      | Noticed Harold
  7801 | D:8      | Slain by Harold

Skill      XL: |  1  2  3  4  5  6  7  8  9 |
---------------+----------------------------+-----
Dodging        | 3 4 5 6 |  6.7
Short Blades   | 3 4 5 6 |  6.7
Armour         | 1 2 3 4 5 6 |  6.0
Fighting       | 3 4 5 |  5.6
Throwing       | |  1.7

Action                   |  1- 3 |  4- 6 |  7- 9 || total
-------------------------+-------+-------+-------++-------
Melee: Rapier            |    62 |   270 |   534 ||   866
Throw: Throwing net      |     2 |     2 |     1 ||     5
Invok: Curse Item        |       |       |     2 ||     2
Evoke: Wand              |       |       |     3 ||     3
  Use: Potion            |       |     1 |     8 ||     9
       Scroll            |       |       |    10 ||    10
 Stab: Held in net/web   |     1 |       |       ||     1
  Eat: Chunk             |     5 |    11 |    28 ||    44
Armor: Leather armour    |    20 |    84 |    17 ||   121
       Chain mail        |       |       |    71 ||    71
       Ring mail         |       |       |    70 ||    70
Dodge: Dodged            |    67 |   197 |   302 ||   566
